 Dungeon Crawl Stone Soup version 0.30-a0-165-g1891117ce2 (webtiles) character file.

Game seed: 18222156290585348579

4539 qw the Cleaver (level 10, 0/64 HPs)
             Began as a Gargoyle Fighter on Sept 28, 2022.
             Slain by a killer bee (3 damage)
             ... on level 8 of the Dungeon.
             The game lasted 00:03:20 (8444 turns).

qw the Cleaver (Gargoyle Fighter)                   Turns: 8444, Time: 00:03:21

Health: 0/64       AC: 25    Str: 25    XL:     10   Next: 40%
Magic:  10/10      EV:  7    Int:  8    God:
Gold:   378        SH:  4    Dex:  9    Spells: 9/9 levels left

rFire   . . .      SeeInvis .    j - +0 war axe (elec)
rCold   . . .      Faith    .    c - +0 buckler
rNeg    + . .      Spirit   .    q - +2 plate armour
rPois   inf        Reflect  .    (no helmet)
rElec   +          Harm     .    (no cloak)
rCorr   .          Rampage  .    (no gloves)
Will    .....                    (no boots)
Stlth   ..........               (no amulet)
HPRegen 0.20/turn                h - +4 ring of protection
MPRegen 0.12/turn                (no ring)

@: no status effects
A: sickness immunity, AC +7, negative energy resistance 1, electricity
resistance, torment resistance 1, petrification resistance
a: no special abilities


You were on level 8 of the Dungeon.
You visited 2 branches of the dungeon, and saw 9 of its levels.

You collected 378 gold pieces.


Innate Abilities, Weirdness & Mutations

You are immune to sickness and miasma.
Your stone body is resilient. (AC +7)
You are immune to poison.
You resist negative energy. (rN+)
You are resistant to electric shocks. (rElec)
You are resistant to unholy torment.
You are immune to petrification.


   Skills:
 - Level 8.0 Fighting
 + Level 10.0 Axes
 - Level 3.4 Throwing
 - Level 6.0 Armour
 - Level 2.6 Dodging
 - Level 5.1 Shields


You had 9 spell levels left.
You didn't know any spells.
Your spell library was empty.

Inventory:

Hand Weapons
 j - a +0 war axe of electrocution (weapon)
 k - a +0 morningstar
Missiles
 n - 5 boomerangs (quivered)
 r - 2 javelins
Armour
 c - a +0 buckler (worn)
 g - the +1 robe of Luocou {-Tele rF+ rC+++ rCorr Slay+3}
   (You found it on level 2 of the Dungeon)

   Slay:      It affects your accuracy & damage with ranged weapons and melee
   (+3).
   rF:        It protects you from fire.
   rC:        It renders you almost immune to cold.
   -Tele:     It prevents most forms of teleportation.
   rCorr:     It protects you from acid and corrosion.
 p - +0 acid dragon scales
 q - a +2 plate armour (worn)
Jewellery
 h - a +4 ring of protection (left hand)
 l - a ring of fire
Scrolls
 a - 2 scrolls of identify
Potions
 b - 3 potions of mutation
 d - 3 potions of might
 e - 2 potions of resistance
 f - a potion of attraction
 i - 3 potions of curing

Dungeon Overview and Level Annotations

Branches:
Dungeon (8/15)             Temple (1/1) D:4
   Lair: D:8-11

Altars:
Ashenzari
Dithmenos
Elyvilon
Gozag
Hepliaklqana
Kikubaaqudgha
Makhleb
Nemelex Xobeh
Qazlal
Ru
Sif Muna
Trog
Uskayaw
Vehumet
Wu Jian
Xom
Zin
The Shining One

Shops:
D:1 [

Annotations:
D:8 Maurice


Message History

You kill the water moccasin!
A nearby plant withers and dies.
You block the yak's attack. You block the wight's attack.
You slash the wight!
You destroy the wight!
You hit the yak. You hit the sky beast but do no damage.
The yak gores you but does no damage.
The sky beast hits you but does no damage.
A bullfrog comes into view.
The bullfrog gives a loud, deep croak!
The killer bee buzzes angrily.
You slash the yak!
The yak is severely wounded.
You hit the yak. You barely miss the sky beast.
You block the sky beast's attack. The yak gores you but does no damage.
The yak gores you.
A bullfrog comes into view.
You slash the yak!
The yak is almost dead.
You slash the yak! You closely miss the sky beast.
An ice beast comes into view.
The yak gores you but does no damage. The sky beast barely misses you.
The yak gores you!
You slash the yak!
You kill the yak!
You hit the yak. You closely miss the sky beast. The yak gores you.
The sky beast closely misses you.
Your Shields skill increases to level 5!
You barely miss the yak.
The yak is heavily wounded.
You slash the sky beast! You miss the killer bee.
The killer bee stings you but does no damage.
The sky beast hits you but does no damage.
The yak gores you but does no damage.
The killer bee stings you but does no damage.
You barely miss the yak.
The yak is heavily wounded.
You hit the killer bee. You closely miss the sky beast.
The killer bee closely misses you. The yak gores you but does no damage.
The sky beast closely misses you. The killer bee stings you.
You die...

.. ..##
#......## ..
.... +......)
..
)...##......#
.P
..........#
..@Y......#
..........#
..........#
......y)..#
.....FY@..#
.P...FY####
......z
..PP...
.P.....
P......
....[..
..#....


You could see Maurice, a yak, an ice beast, a sky beast, 2 bullfrogs, a killer
bee and a wight.

Vanquished Creatures
  Psyche (D:7)
  Grinder (D:5)
  A hornet (D:7)
  A wyvern (D:7)
  2 yaks (D:8)
  Eustachio (D:5)
  2 steam dragons (D:7)
  An acid dragon (D:7)
  4 water moccasins
  2 orc warriors
  An ice beast (D:5)
  A sky beast (D:7)
  4 black bears
  2 ogres
  A centaur (D:7)
  A phantom (D:5)
  2 bullfrogs
  3 scorpions
  3 wights (D:8)
  3 killer bees (D:8)
  A howler monkey (D:7)
  4 jellies
  An orc priest (D:7)
  3 hounds
  A gnoll bouda (D:7)
  6 iguanas
  4 orc wizards
  8 gnolls
  11 adders
  A shadow imp (D:5)
  A white imp (D:7)
  4 worms
  7 dart slugs
  22 orcs
  9 endoplasms
  2 giant cockroaches
  9 goblins
  7 hobgoblins
  4 jackals (D:3)
  6 quokkas
  10 ball pythons
  2 bats
  A frilled lizard (D:1)
  6 kobolds
  4 rats
171 creatures vanquished.

Vanquished Creatures (others)
  36 fungi (D:8)
  48 plants
84 creatures vanquished.

Grand Total: 255 creatures vanquished

Notes
Turn   | Place    | Note
-------+----------+-------------------------------------------
     0 | D:1      | qw the Gargoyle Fighter began the quest for the Orb.
     0 | D:1      | Reached XP level 1. HP: 14/14 MP: 1/1
     0 | D:1      | 0 ||| qw: Version: 0.2-a-12-gaebbb33
     0 | D:1      | 0 ||| qw: Game counter: 797
     0 | D:1      | 0 ||| qw: Always use a shield: true
     0 | D:1      | 0 ||| qw: God list: Okawaru
     0 | D:1      | 0 ||| qw: Allow faded altars: false
     0 | D:1      | 0 ||| qw: Do Orc after D:15 true
     0 | D:1      | 0 ||| qw: Do second Lair branch before Depths: true
     0 | D:1      | 0 ||| qw: Lair rune preference: random
     0 | D:1      | 0 ||| qw: Plans: Normal, Zot:1-4, God:TSO, Crypt, Tomb,
                  | Pan, Slime:5, Hells, Abyss, Orb
     0 | D:1      | 0 ||| PLANNING D:1-11
    72 | D:1      | Reached skill level 2 in Axes
   117 | D:1      | Reached XP level 2. HP: 19/19 MP: 2/2
   202 | D:1      | Found Voigot's Antique Armour Boutique.
   209 | D:1      | 209 ||| Stepping ~*~*~tactically~*~*~ (hiding).
   322 | D:1      | 322 ||| SHOPLISTING chain mail (126 gold, have 23).
   322 | D:1      | 322 ||| SHOPLISTING helmet (126 gold, have 23).
   322 | D:1      | 322 ||| SHOPLISTING runed leather armour (140 gold, have
                  | 23).
   334 | D:1      | 334 ||| Stepping ~*~*~tactically~*~*~ (stealth).
   376 | D:1      | 376 ||| Stepping ~*~*~tactically~*~*~ (stealth).
   495 | D:1      | Reached skill level 3 in Axes
   612 | D:1      | Reached XP level 3. HP: 23/23 MP: 3/3
   906 | D:1      | 906 ||| UPGRADING to +4 ring of protection.
   907 | D:1      | 907 ||| READING 3 scrolls labelled UNIP MATOAFFU.
   908 | D:1      | 908 ||| READING scroll labelled OMMAMU WOEVVE.
   909 | D:1      | 909 ||| READING scroll labelled POLUESATUAG.
   910 | D:1      | 910 ||| READING scroll labelled HAUWAO DUKU.
   911 | D:1      | 911 ||| READING 2 scrolls labelled AKLOEM ATOI.
   912 | D:1      | 912 ||| READING 2 scrolls of identify.
   912 | D:1      | 912 ||| IDENTIFYING fizzy red potion
   913 | D:1      | 913 ||| DROPPING potion of flight.
   914 | D:1      | 914 ||| DROPPING scroll of fear.
  1052 | D:2      | Found a faded altar of an unknown god.
  1054 | D:2      | 1054 ||| Stepping ~*~*~tactically~*~*~ (stealth).
  1220 | D:2      | 1220 ||| DROPPING +0 club.
  1227 | D:2      | Reached skill level 1 in Throwing
  1232 | D:2      | Identified the +1 robe of Luocou {-Tele rF+ rC+++ rCorr
                  | Slay+3}
  1288 | D:2      | Reached XP level 4. HP: 28/28 MP: 4/4
  1542 | D:2      | 1542 ||| DROPPING ring of flight.
  1543 | D:2      | 1543 ||| READING scroll labelled PESTRI FYOMPEF.
  1544 | D:2      | 1544 ||| READING scroll labelled RIFUOTZEHYG.
  1547 | D:2      | 1547 ||| READING scroll labelled VECHEX JOH RUA.
  1548 | D:2      | 1548 ||| DRINKING 2 white potions.
  1653 | D:2      | 1653 ||| DRINKING 2 smoky orange potions.
  1654 | D:2      | 1654 ||| DROPPING potion of berserk rage.
  1787 | D:3      | Noticed a +0 short sword
  1787 | D:3      | Noticed a +0 falchion
  1788 | D:3      | Noticed a +0 short sword
  1788 | D:3      | Noticed a +0 falchion
  1789 | D:3      | Noticed a +0 dagger
  1789 | D:3      | Noticed a +0 spear
  1789 | D:3      | Noticed a +0 spear
  1789 | D:3      | Noticed a +0 dagger
  1808 | D:3      | Found a hide-covered altar of Uskayaw.
  1862 | D:3      | 1862 ||| Stepping ~*~*~tactically~*~*~ (stealth).
  1873 | D:3      | Reached skill level 4 in Axes
  1879 | D:3      | 1879 ||| Stepping ~*~*~tactically~*~*~ (stealth).
  2048 | D:3      | 2048 ||| Stepping ~*~*~tactically~*~*~ (hiding).
  2086 | D:3      | Reached XP level 5. HP: 32/32 MP: 5/5
  2194 | D:3      | 2194 ||| Stepping ~*~*~tactically~*~*~ (stealth).
  2230 | D:3      | 2230 ||| READING 4 scrolls of identify.
  2230 | D:3      | 2230 ||| IDENTIFYING golden potion
  2231 | D:3      | 2231 ||| DROPPING potion of invisibility.
  2290 | D:4      | 2290 ||| Stepping ~*~*~tactically~*~*~ (stealth).
  2703 | D:4      | Found a shimmering altar of Xom.
  2705 | D:4      | Found a radiant altar of Vehumet.
  2705 | D:4      | Found a radiant altar of Vehumet.
  2707 | D:4      | 2707 ||| DROPPING +1 hand axe of freezing.
  2709 | D:4      | Found a white marble altar of Elyvilon.
  2709 | D:4      | Found a hazy altar of Hepliaklqana.
  2709 | D:4      | Found a burning altar of Makhleb.
  2739 | D:4      | 2739 ||| DROPPING +0 mace.
  2773 | D:4      | Found a glowing golden altar of the Shining One.
  2781 | D:4      | 2781 ||| Stepping ~*~*~tactically~*~*~ (hiding).
  2796 | D:4      | Reached skill level 5 in Axes
  2810 | D:4      | Reached XP level 6. HP: 37/37 MP: 6/6
  2825 | D:4      | 2825 ||| Stepping ~*~*~tactically~*~*~ (stealth).
  3361 | D:4      | Found a staircase to the Ecumenical Temple.
  3362 | D:4      | 3362 ||| PLANNING TEMPLE
  3362 | D:4      | 3362 ||| UPGRADING to +0 chain mail.
  3372 | D:4      | 3372 ||| DROPPING +0 scale mail.
  3373 | D:4      | 3373 ||| READING 4 scrolls of identify.
  3373 | D:4      | 3373 ||| IDENTIFYING sedimented emerald potion
  3386 | Temple   | Entered the Ecumenical Temple
  3458 | Temple   | 3458 ||| PLANNING D:1-11
  3627 | D:4      | 3627 ||| READING 3 scrolls of identify.
  3627 | D:4      | 3627 ||| IDENTIFYING viscous purple potion
  3652 | D:5      | Entered Level 5 of the Dungeon
  3750 | D:5      | 3750 ||| Stepping ~*~*~tactically~*~*~ (hiding).
  3754 | D:5      | Found a shimmering blue altar of Sif Muna.
  3835 | D:5      | Noticed an orc warrior
  3836 | D:5      | 3836 ||| Stepping ~*~*~tactically~*~*~ (stealth).
  3837 | D:5      | 3837 ||| Stepping ~*~*~tactically~*~*~ (stealth).
  3846 | D:5      | Noticed Grinder
  3847 | D:5      | 3847 ||| Stepping ~*~*~tactically~*~*~ (stealth).
  3860 | D:5      | Killed an orc warrior
  3861 | D:5      | Reached skill level 6 in Axes
  3861 | D:5      | Reached XP level 7. HP: 32/43 MP: 4/7
  3908 | D:5      | Killed Grinder
  3986 | D:5      | 3986 ||| DROPPING +4 whip of venom.
  3988 | D:5      | Found a bloodstained altar of Trog.
  4002 | D:5      | Noticed Eustachio
  4003 | D:5      | 4003 ||| Stepping ~*~*~tactically~*~*~ (stealth).
  4026 | D:5      | HP: 10/43 [river rat[Eustachio] (5)]
  4032 | D:5      | Killed Eustachio
  4075 | D:5      | 4075 ||| Stepping ~*~*~tactically~*~*~ (stealth).
  4328 | D:5      | Reached skill level 7 in Axes
  4328 | D:5      | Reached XP level 8. HP: 33/48 MP: 8/8
  4590 | D:5      | 4590 ||| Stepping ~*~*~tactically~*~*~ (stealth).
  4592 | D:5      | 4592 ||| Stepping ~*~*~tactically~*~*~ (stealth).
  4594 | D:5      | 4594 ||| Stepping ~*~*~tactically~*~*~ (stealth).
  4957 | D:5      | Found a hazy altar of Hepliaklqana.
  5161 | D:5      | 5161 ||| UPGRADING to +0 plate armour.
  5171 | D:5      | 5171 ||| DROPPING +0 chain mail.
  5172 | D:5      | 5172 ||| READING 2 scrolls of enchant armour.
  5172 | D:5      | 5172 ||| ENCHANTING +0 plate armour.
  5173 | D:5      | 5173 ||| READING scroll of enchant armour.
  5173 | D:5      | 5173 ||| ENCHANTING +1 plate armour.
  5174 | D:5      | 5174 ||| READING 3 scrolls of identify.
  5174 | D:5      | 5174 ||| IDENTIFYING sedimented coppery potion
  5175 | D:5      | 5175 ||| READING 2 scrolls of identify.
  5175 | D:5      | 5175 ||| IDENTIFYING red potion
  5176 | D:5      | 5176 ||| DROPPING potion of brilliance.
  5177 | D:5      | 5177 ||| Stepping randomly (stuck).
  5179 | D:5      | 5179 ||| Stepping randomly (stuck).
  5181 | D:5      | 5181 ||| Stepping randomly (stuck).
  5182 | D:5      | 5182 ||| Stepping randomly (stuck).
  5183 | D:5      | 5183 ||| Stepping randomly (stuck).
  5184 | D:5      | 5184 ||| Stepping randomly (stuck).
  5186 | D:5      | 5186 ||| Stepping randomly (stuck).
  5188 | D:5      | 5188 ||| Stepping randomly (stuck).
  5189 | D:5      | 5189 ||| Stepping randomly (stuck).
  5190 | D:5      | 5190 ||| Stepping randomly (stuck).
  5488 | D:5      | 5488 ||| READING scroll labelled WAJOCO JICUW.
  5597 | D:6      | Noticed Prince Ribbit
  5625 | D:6      | 5625 ||| FLEEEEING.
  5626 | D:6      | 5626 ||| FLEEEEING.
  5628 | D:6      | 5628 ||| FLEEEEING.
  5629 | D:6      | 5629 ||| FLEEEEING.
  5631 | D:6      | 5631 ||| FLEEEEING.
  5632 | D:6      | 5632 ||| STAIRDANCE
  5667 | D:6      | 5667 ||| STAIRDANCE
  5758 | D:6      | Reached skill level 8 in Axes
  5964 | D:6      | 5964 ||| Stepping ~*~*~tactically~*~*~ (stealth).
  6022 | D:6      | 6022 ||| SWAPPING to +0 war axe of electrocution.
  6023 | D:6      | 6023 ||| DROPPING +0 war axe.
  6026 | D:6      | 6026 ||| DROPPING +0 antimagic flail.
  6052 | D:6      | Reached XP level 9. HP: 55/55 MP: 9/9
  6073 | D:6      | HP: 12/55 [ogre/+0 giant spiked club (3)]
  6074 | D:6      | 6074 ||| READING scroll of teleportation.
  6076 | D:6      | Reached skill level 6 in Fighting
  6855 | D:7      | 6855 ||| Stepping ~*~*~tactically~*~*~ (hiding).
  6900 | D:7      | 6900 ||| Stepping ~*~*~tactically~*~*~ (stealth).
  6959 | D:7      | Reached skill level 9 in Axes
  7227 | D:7      | 7227 ||| FLEEEEING.
  7228 | D:7      | 7228 ||| FLEEEEING.
  7287 | D:7      | 7287 ||| Stepping ~*~*~tactically~*~*~ (stealth).
  7288 | D:7      | 7288 ||| Stepping ~*~*~tactically~*~*~ (stealth).
  7324 | D:7      | Noticed a hornet
  7332 | D:7      | Killed a hornet
  7407 | D:7      | 7407 ||| FLEEEEING.
  7408 | D:7      | 7408 ||| FLEEEEING.
  7409 | D:7      | 7409 ||| FLEEEEING.
  7410 | D:7      | 7410 ||| FLEEEEING.
  7411 | D:7      | 7411 ||| FLEEEEING.
  7412 | D:7      | 7412 ||| FLEEEEING.
  7413 | D:7      | 7413 ||| FLEEEEING.
  7414 | D:7      | 7414 ||| FLEEEEING.
  7415 | D:7      | 7415 ||| FLEEEEING.
  7416 | D:7      | 7416 ||| FLEEEEING.
  7417 | D:7      | 7417 ||| FLEEEEING.
  7418 | D:7      | 7418 ||| FLEEEEING.
  7419 | D:7      | 7419 ||| FLEEEEING.
  7420 | D:7      | 7420 ||| FLEEEEING.
  7421 | D:7      | 7421 ||| FLEEEEING.
  7422 | D:7      | 7422 ||| FLEEEEING.
  7423 | D:7      | 7423 ||| FLEEEEING.
  7424 | D:7      | 7424 ||| FLEEEEING.
  7425 | D:7      | 7425 ||| FLEEEEING.
  7426 | D:7      | 7426 ||| FLEEEEING.
  7427 | D:7      | 7427 ||| FLEEEEING.
  7428 | D:7      | 7428 ||| FLEEEEING.
  7429 | D:7      | 7429 ||| FLEEEEING.
  7430 | D:7      | 7430 ||| FLEEEEING.
  7431 | D:7      | 7431 ||| FLEEEEING.
  7432 | D:7      | 7432 ||| FLEEEEING.
  7433 | D:7      | 7433 ||| FLEEEEING.
  7434 | D:7      | 7434 ||| FLEEEEING.
  7435 | D:7      | 7435 ||| FLEEEEING.
  7436 | D:7      | 7436 ||| FLEEEEING.
  7437 | D:7      | 7437 ||| STAIRDANCE
  7535 | D:6      | 7535 ||| READING 4 scrolls of identify.
  7535 | D:6      | 7535 ||| IDENTIFYING black potion
  7536 | D:6      | 7536 ||| READING 3 scrolls of identify.
  7536 | D:6      | 7536 ||| IDENTIFYING emerald potion
  7537 | D:6      | 7537 ||| DROPPING potion of magic.
  7545 | D:7      | 7545 ||| STAIRDANCE
  8039 | D:8      | 8039 ||| STAIRDANCE
  8061 | D:8      | 8061 ||| STAIRDANCE
  8071 | D:7      | Reached XP level 10. HP: 62/63 MP: 10/10
  8077 | D:8      | 8077 ||| DRINKING 7 potions of curing.
  8077 | D:8      | 8077 ||| (to cure confusion)
  8078 | D:8      | Noticed Psyche
  8086 | D:8      | Reached skill level 10 in Axes
  8088 | D:8      | 8088 ||| FLEEEEING.
  8089 | D:8      | 8089 ||| STAIRDANCE
  8095 | D:7      | 8095 ||| Stepping ~*~*~tactically~*~*~ (hiding).
  8100 | D:7      | HP: 15/63 [something (10)]
  8110 | D:7      | Killed Psyche
  8390 | D:8      | 8390 ||| Stepping ~*~*~tactically~*~*~ (stealth).
  8391 | D:8      | Noticed Maurice
  8392 | D:8      | 8392 ||| Stepping ~*~*~tactically~*~*~ (stealth).
  8394 | D:8      | 8394 ||| Stepping ~*~*~tactically~*~*~ (hiding).
  8401 | D:8      | 8401 ||| Stepping ~*~*~tactically~*~*~ (stealth).
  8416 | D:8      | HP: 8/64 [disintegration (11)]
  8417 | D:8      | 8417 ||| READING scroll of teleportation.
  8418 | D:8      | 8418 ||| DRINKING potion of heal wounds.
  8431 | D:8      | HP: 14/64 [water moccasin (3)]
  8433 | D:8      | Reached skill level 6 in Armour
  8437 | D:8      | Reached skill level 3 in Throwing
  8440 | D:8      | HP: 12/64 [yak (4)]
  8441 | D:8      | HP: 5/64 [yak (7)]
  8444 | D:8      | Slain by a killer bee

Levels and vault maps discovered:
D:1:      dpeg_arrival_yet_another_circle, layout_loops_ring, serial_shops,
          shop, serial_forest, infiniplex_forest_clump_C,
          infiniplex_forest_clump_diagonal, infiniplex_forest_lined_2,
          infiniplex_forest_clump_C, infiniplex_forest_zigzag_1,
          infiniplex_forest_corner_2, infiniplex_forest_lined_corner
D:2:      layout_rooms, hellmonk_ecumenical_altar_crossroads
D:3:      layout_rooms, nicolae_uskayaw_en_pointe, dreamdust_princess_corridor
D:4:      layout_loops_corners, mainiacjoe_overflow_chevrons,
          doesnt_xom_only_xom, minmay_temple_entry_nine_rooms,
          supply_closet_lemuel, st_stairs_9, hangedman_decor_push,
          hangedman_decor_growths
D:5:      layout_basic, lemuel_crystal_altar,
          nzn_overflow_gifts_of_might_and_magic, nrook_campfire,
          minmay_hedge_maze, minivault_25, roderic_serpentine_path,
          corexii_checkpoint_a, minivault_11, minmay_checkerbox, uniq_grinder,
          uniq_eustachio
D:6:      layout_rooms, serial_bayou_pond_a, corexii_mini_fake_secret_closet,
          uniq_prince_ribbit1
D:7:      layout_basic
D:8:      layout_basic, due_lair_maze_entry_diamond, uniq_joseph, uniq_psyche,
          uniq_amaemon, uniq_maurice
Temple:   nicolae_temple_hex_pool

Skill      XL: |  1  2  3  4  5  6  7  8  9 10 |
---------------+-------------------------------+-----
Axes           | 2 3 4 5 6 7 8 9 10 | 10.0
Throwing       | 1 2 3 |  3.4
Fighting       | 4 5 7 8 |  8.0
Dodging        | 2 |  2.6
Armour         | 4 5 6 |  6.0
Shields        | 4 5 |  5.1

Action                   |  1- 3 |  4- 6 |  7- 9 | 10-12 || total
-------------------------+-------+-------+-------+-------++-------
Melee: War axe           |    50 |   128 |   289 |    66 ||   533
Throw: Javelin           |    26 |    24 |    11 |       ||    61
       Boomerang         |     6 |    34 |    59 |       ||    99
  Use: Scroll            |     6 |     6 |     8 |     1 ||    21
       Potion            |       |     2 |       |     2 ||     4
 Stab: Paralysed         |       |       |       |     2 ||     2
Armor: Scale mail        |    20 |    40 |       |       ||    60
       Chain mail        |       |    28 |    89 |       ||   117
       Plate armour      |       |       |   100 |    98 ||   198
Dodge: Dodged            |    11 |    56 |   115 |    39 ||   221
Block: Buckler           |    12 |    31 |    62 |    28 ||   133

Table legend:
 A = Non-vault XP
 B = Vault XP
 C = Vault XP percentage of total XP
 D = Non-vault monster count
 E = Vault monster count
 F = Vault count percentage of total count
                 A         B        C        D         E       F
            +---------+---------+-------+---------+---------+-------
      Total |    4568 |    1917 |  29.6 |     153 |      18 |  10.5
            +---------+---------+-------+---------+---------+-------
        D:1 |      34 |       0 |   0.0 |      19 |       0 |   0.0
        D:2 |      62 |       0 |   0.0 |      13 |       0 |   0.0
        D:3 |      85 |       0 |   0.0 |      27 |       0 |   0.0
        D:4 |     247 |      48 |  16.3 |      20 |       3 |  13.0
        D:5 |     882 |     742 |  45.7 |      23 |       9 |  28.1
        D:6 |     535 |       0 |   0.0 |      17 |       0 |   0.0
        D:7 |    2126 |     358 |  14.4 |      26 |       1 |   3.7
        D:8 |     597 |     769 |  56.3 |       8 |       5 |  38.5
            +---------+---------+-------+---------+---------+-------
